 Dungeon Crawl Stone Soup version 0.29-a0-653-gd47aff6735 (webtiles) character file.

Game seed: 8392920323798011085

1862 snetch the Cleaver (level 8, -5/106 HPs)
             Began as a Minotaur Berserker on June 22, 2022.
             Was a Priest of Trog.
             Slain by an orc warrior zombie
             ... wielding a +2 short sword of venom
              (10 damage)
             ... on level 5 of the Dungeon.
             The game lasted 00:16:12 (4992 turns).

snetch the Cleaver (Minotaur Berserker)             Turns: 4992, Time: 00:16:13

Health: -5/106     AC: 10    Str: 24    XL:     8   Next: 89%
Magic:  7/7        EV:  9    Int:  7    God:    Trog [***...]
Gold:   213        SH:  0    Dex: 10    Spells: 7/7 levels left

rFire   . . .      SeeInvis .   a - +0 war axe
rCold   . . .      Faith    .   (no shield)
rNeg    . . .      Spirit   .   e - +0 chain mail
rPois   .          Reflect  .   v - +0 hat {Int+3}
rElec   .          Harm     .   (no cloak)
rCorr   .          Rampage  .   (no gloves)
Will    ++...                   (no boots)
Stlth   ..........              y - amulet of regeneration
HPRegen 2.07/turn               (no ring)
MPRegen 0.10/turn               (no ring)

@: berserking, lethally poisoned (-5 -> -7), strong-willed, regenerating, very
quick
A: horns 2, retaliatory headbutt
a: Renounce Religion, Berserk, Trog's Hand


You were on level 5 of the Dungeon.
You worshipped Trog.
Trog was most pleased with you.
You visited 1 branch of the dungeon, and saw 7 of its levels.

You collected 321 gold pieces.
You spent 108 gold pieces at shops.

Inventory:

Hand Weapons
 a - a +0 war axe (weapon)
 b - a +0 flail
 c - a +0 trident
 C - a +0 halberd
 H - a +1 mace of protection
Missiles
 d - 7 poisoned darts (quivered)
 f - 63 stones
 l - 4 boomerangs
 z - 2 silver boomerangs
 B - 3 atropa-tipped darts
 F - 3 javelins
Armour
 e - a +0 chain mail (worn)
 v - a +0 hat of intelligence (worn)
 D - a +0 buckler
Jewellery
 k - a ring of fire
 y - an amulet of regeneration (around neck)
Wands
 o - a wand of quicksilver (17)
 G - a wand of flame (24)
Scrolls
 g - 2 scrolls of enchant armour {unknown}
 m - a scroll of silence {unknown}
 n - a scroll of acquirement {unknown}
 q - a scroll of fear {unknown}
 r - a scroll of torment {unknown}
 u - 4 scrolls of identify {unknown}
 w - a scroll of blinking {unknown}
 E - a scroll of amnesia {unknown}
Potions
 h - 5 potions of heal wounds {unknown}
 i - 2 potions of invisibility {unknown}
 j - 2 potions of berserk rage {unknown}
 p - a potion of mutation {unknown}
 s - 2 potions of haste {unknown}
 t - 3 potions of flight {unknown}
 x - a potion of ambrosia {unknown}
 A - 4 potions of curing
 I - a potion of resistance


   Skills:
 + Level 6.4 Fighting
 + Level 9.8 Axes
 + Level 3.4 Throwing
 + Level 7.6 Armour
 + Level 3.2 Dodging
 + Level 0.2 Stealth


You had 7 spell levels left.
You didn't know any spells.
Your spell library contained the following spells:

 Spells                   Type           Power      Damage    Failure   Level
 Sandblast                Erth           0%         2d4       95%         1
 Blink                    Tloc           0%         N/A       99%         2
 Passwall                 Tmut/Erth      0%         N/A       99%         2
 Sublimation of Blood     Necr           0%         N/A       99%         2
 Wereblood                Tmut           0%         N/A       99%         2
 Dazzling Flash           Conj/Hex       0%         N/A       100%        3
 Lesser Beckoning         Tloc           0%         N/A       100%        3
 Ozocubu's Armour         Ice            0%         N/A       100%        3
 Stone Arrow              Conj/Erth      0%         3d7       100%        3
 Animate Armour           Summ/Erth      0%         N/A       100%        4
 Iskenderun's Mystic Bla  Conj/Tloc      0%         2d3       100%        4
 Blade Hands              Tmut           0%         N/A       100%        5
 Manifold Assault         Tloc           0%         N/A       100%        5
 Iron Shot                Conj/Erth      0%         9d1       100%        6
 Starburst                Conj/Fire      0%         6d3       100%        6
 Ozocubu's Refrigeration  Ice            0%         4d5       100%        7
 Summon Hydra             Summ           0%         N/A       100%        7


Dungeon Overview and Level Annotations

Branches:
Dungeon (7/15)
 Temple: D:4-7

Altars:
Ashenzari
The Shining One

Shops:
D:5 !

Annotations:
D:5 1 transporter
D:6 1 runed translucent door, Crazy Yiuf, Prince Ribbit


Innate Abilities, Weirdness & Mutations

You have a pair of horns on your head.
You reflexively headbutt those who attack you in melee.


Message History

The orc warrior zombie closely misses you.
You feel extremely sick.
The orc warrior zombie closely misses you.
You furiously retaliate!
You headbutt the orc warrior zombie.
The orc warrior zombie hits you with a +2 short sword of venom.
You are more poisoned.
Your skin crawls.
You feel strong-willed.
* * * LOW HITPOINT WARNING * * *
You feel extremely sick.
The orc warrior zombie hits you with a +1 war axe of venom!
* * * LOW HITPOINT WARNING * * *
You feel better.
The orc warrior zombie hits you with a +2 short sword of venom.
* * * LOW HITPOINT WARNING * * *
You are poisoned.
Unknown command.
A red film seems to cover your vision as you go berserk!
You feel yourself moving faster!
You feel mighty!
You feel sick.
The orc warrior zombie barely misses you.
The orc warrior zombie closely misses you.
You barely miss the orc warrior zombie.
The orc warrior zombie is lightly damaged.
You barely miss the orc warrior zombie.
You feel sick.
The orc warrior zombie hits you with a +1 war axe of venom.
* * * LOW HITPOINT WARNING * * *
You are more poisoned.
The orc warrior zombie misses you.
You feel sick.
You see here a murky emerald potion.
Press: ? - help, v - describe, . - travel
Here: an orc warrior zombie, wielding a +1 war axe of venom (poison gas, lightly damaged)
The floor.
You feel a strong urge to attack something.
You feel sick.
You hit the orc warrior zombie. You headbutt the orc warrior zombie!
The orc warrior zombie is moderately damaged.
You barely miss the orc warrior zombie.
You feel sick.
The orc warrior zombie hits you with a +2 short sword of venom!
You die...

.....# #.°○°..○# #.#.#####.#
#.##.# #°°#©#○○###.#.# #.# #.##.#
#°°...☼○#.....#####.# #.##.#
#°°#.#☼°###.#.#<..... .....#
#○○...°.#.#.....###.# ###..#
####○○'####......# #.# ..#..#
#°°○°°°°°☼##....####.# ..#..#
#○○○☼Z°°○○##.........# )....#
#°°°.@Z°○☼####.####### .#####
#☼°°$!$○☼°#...)# ..#
#○○○(©(°○°####'##### ..#
#############[[....# ..####
#..©.## ##.....#.### .....#
###....# ##.......∩..#
.....#######.....####.......#.#.#
....................'.........'..
...#.#####.......####.........###


You could see 2 orc warrior zombies.

Vanquished Creatures
  A shadow (D:7)
  A steam dragon (D:6)
  Duvessa (D:5)
  A water moccasin (D:6)
  An ice beast (D:5)
  A black bear (D:5)
  An orc warrior (D:5)
  An ogre (D:5)
  2 centaurs
  A gnoll sergeant (D:6)
  3 necrophages
  A scorpion (D:5)
  Dowan (D:5)
  A howler monkey (D:5)
  3 orc priests
  2 iguanas
  3 orc wizards
  5 gnolls (D:6)
  7 adders
  3 ufetubi
  A worm (D:3)
  2 dart slugs
  24 orcs
  7 ball pythons
  9 bats
  8 endoplasms
  4 giant cockroaches
  6 goblins
  3 hobgoblins
  12 jackals
  3 quokkas
  A frilled lizard (D:1)
  6 kobolds
  5 rats
131 creatures vanquished.

Notes
Turn   | Place    | Note
-------+----------+-------------------------------------------
     0 | D:1      | snetch the Minotaur Berserker began the quest for the Orb.
     0 | D:1      | Reached XP level 1. HP: 19/19 MP: 0/0
   115 | D:2      | Reached skill level 4 in Axes
   115 | D:2      | Reached XP level 2. HP: 27/27 MP: 1/1
   281 | D:1      | Reached XP level 3. HP: 32/33 MP: 2/2
   325 | D:1      | Found a faded altar of an unknown god.
   567 | D:2      | Reached ** piety under Trog
   665 | D:1      | You fall into a shaft and drop 1 floor!
  1765 | D:3      | Reached XP level 4. HP: 41/41 MP: 3/3
  1783 | D:3      | Reached skill level 5 in Axes
  1900 | D:4      | Reached XP level 5. HP: 11/47 MP: 4/4
  2044 | D:3      | Reached *** piety under Trog
  2499 | D:5      | Entered Level 5 of the Dungeon
  2680 | D:4      | Found a broken altar of Ashenzari.
  2732 | D:4      | Reached skill level 6 in Axes
  2931 | D:5      | Found a transporter.
  3078 | D:5      | Found Nokeups's Distillery.
  3078 | D:5      | Noticed an ice beast
  3088 | D:5      | Killed an ice beast
  3089 | D:5      | Reached skill level 5 in Fighting
  3089 | D:5      | Reached XP level 6. HP: 56/56 MP: 5/5
  3129 | D:5      | Bought a potion of curing for 36 gold pieces
  3129 | D:5      | Bought a potion of curing for 36 gold pieces
  3129 | D:5      | Bought a potion of curing for 36 gold pieces
  3192 | D:5      | Reached skill level 7 in Axes
  3225 | D:5      | Found a transporter.
  3383 | D:6      | Noticed a water moccasin
  3392 | D:6      | Reached skill level 5 in Armour
  3395 | D:6      | Reached XP level 7. HP: 61/61 MP: 6/6
  3467 | D:6      | Found a runed translucent door.
  3467 | D:6      | Noticed Prince Ribbit
  3468 | D:6      | Noticed Crazy Yiuf
  3498 | D:6      | Noticed a steam dragon
  3505 | D:6      | Killed a steam dragon
  3508 | D:6      | Reached skill level 8 in Axes
  3593 | D:6      | Reached XP level 8. HP: 42/69 MP: 7/7
  3678 | D:5      | Reached skill level 1 in Throwing
  3781 | D:5      | Reached skill level 9 in Axes
  3948 | D:5      | Noticed Dowan
  3950 | D:5      | Noticed Duvessa
  3959 | D:5      | Killed Dowan
  3963 | D:5      | Killed Duvessa
  4544 | D:6      | Found a glowing golden altar of the Shining One.
  4986 | D:5      | HP: 2/71 [orc warrior zombie/+1 war axe of venom (13)]
  4991 | D:5      | HP: 5/106 [poisoned by an orc warrior zombie]
  4992 | D:5      | Slain by an orc warrior zombie

Illustrated notes

Levels and vault maps discovered:
D:1:      erik_arrival_blinker_ship, layout_basic,
          hellmonk_ecumenical_altar_zigzags, minmay_misc_feat_chi
D:2:      layout_rooms, st_stairs_2, grunt_ministairs_1
D:3:      layout_basic
D:4:      layout_rooms, ashenzari_altar_1
D:5:      gammafunk_cloud_chamber, layout_loops_corners, serial_shops,
          nicolae_shop_crystal, hangedman_decor_points, uniq_duvessa
D:6:      layout_loops_cross, lemuel_tele_altar, uniq_crazy_yiuf_cottage,
          uniq_prince_ribbit1
D:7:      layout_cave_pools, cheibriados_altar_1,
          yredelemnul_forgotten_temple_becter, amethyst_overflow_temple_binary,
          mainiacjoe_overflow_alcove_4, minmay_temple_entry_grid, serial_shops,
          nicolae_shop_statue_plus, nrook_pool_corridor, uniq_menkaure

Skill      XL: |  1  2  3  4  5  6  7  8 |
---------------+-------------------------+-----
Fighting       | 4 5 6 |  6.4
Axes           | 4 5 6 7 8 9 |  9.8
Armour         | 3 4 5 6 7 |  7.6
Throwing       | 3 |  3.4
Dodging        | 3 |  3.2
Stealth        | |  0.2

Action                   |  1- 3 |  4- 6 |  7- 9 || total
-------------------------+-------+-------+-------++-------
Melee: Hand axe          |   100 |   102 |       ||   202
       Headbutt          |    17 |    17 |    19 ||    53
       War axe           |       |     9 |    74 ||    83
       Punch             |       |     1 |     2 ||     3
Throw: Dart              |     3 |     3 |    33 ||    39
       Stone             |     1 |       |       ||     1
Invok: Berserk           |     1 |     5 |     4 ||    10
       Trog's Hand       |       |       |     1 ||     1
  Use: Potion            |       |       |     1 ||     1
Armor: Chain mail        |    82 |    71 |    34 ||   187
       Animal skin       |     1 |       |       ||     1
Dodge: Dodged            |    45 |    54 |    48 ||   147

Table legend: (Time is in decaauts)
 A = Elapsed time spent in this place.
 B = Non-inter-level travel time spent in this place.
 C = Inter-level travel time spent in this place.
 D = Time resting spent in this place.
 E = Time spent auto-exploring this place.
 F = Levels seen in this place.
 G = Mean time per level.
                   A        B        C        D        E       F      G
               +--------+--------+--------+--------+--------+-----+--------+
         Total |   5084 |   4656 |    428 |     27 |   2966 |   7 |  726.3 |
       Dungeon |   5084 |   4656 |    428 |     27 |   2966 |   7 |  726.3 |
               +--------+--------+--------+--------+--------+-----+--------+

Top non-repeatable levels by time:
     D:5: 1118 daAuts
     D:6: 946 daAuts
     D:1: 900 daAuts
     D:3: 877 daAuts
     D:4: 617 daAuts
     D:2: 565 daAuts
     D:7: 58 daAuts
